Lambo's 17/17 guide, modified to include overlord speed
6 | 0:00 | | |
13 | 0:12 | | Send to check for proxy barracks and then to outside natural |
13 | 0:17 | | |
14 | 0:30 | | |
17 | 0:44 | | |
17 | 0:50 | | |
17 | 0:55 | | |
17 | 1:06 | | |
18 | 1:18 | | |
17 | 1:21 | | |
18 | 1:37 | | Inject, then walk down to natural |
18 | 1:38 | | Send first 4 zerglings around reaper path |
22 | 1:47 | | pull 1 drone out of gas (2 left mining) |
22 | 1:53 | | |
22 | 2:12 | | |
22 | 2:15 | | pull 1 drone out of gas (1 left mining) to build 3rd base |
26 | 2:30 | | |
26 | 2:33 | | Pressure natural with lings when speed finishes |
31 | 2:57 | | |
32 | 3:01 | | pull last drone out of gas |
34 | 3:13 | | |
44 | 3:35 | | Scout terran main with overlord when speed finishes ~3:45 |
54 | 4:12 | | |
61 | 4:29 | | |
66 | 4:37 | | |
67 | 4:52 | | |
70 | 4:56 | | Roach warren if mech |
85 | 5:19 | | melee & armor if bio, melee & range if mech |
83 | 5:30 | | |
83 | 5:33 | | |
83 | 5:35 | | |
87 | 6:10 | | |
94 | 6:18 | |
My early game is ok, but my macro is way worse than Lambo's so you could actually have an extra 15 supply when the build ends. If someone can make a better version of this, please upload it.
The goal of this build is to be safe against proxy barracks and potentially kill the scv & marine in the natural.
-If their reaper stays at home (unlikely), don't go into their natural with the lings
-If their reaper goes to your base (most likely), send the zerglings around the reaper path to hide them
-If they go marine first, send the lings straight across
-If they go cc first or reactor first, you won't be able to get any damage with the first 4 zerglings
This build order is a guide against standard 1-1-1 bio, so you'll have to make some changes against other strategies
-If you scout 2-1-1, make a baneling nest and evolution chamber at 4:00 and make zerglings & queens after 45 drones
-If you scout a bc/hellbat timing, make a roach warren at 4:00 with immediate roaches, and spores at 4:50
-Against mech, make a roach warren at 5:00 instead of a baneling nest
-Against double starport battlecruiser, make a spire as soon as the lair is finished